 Dungeon Crawl Stone Soup version 0.30-a0-154-gb106f4c828 (webtiles) character file.

Game seed: 9762981734752983144

4 Aibolit the Vexing (level 1, -4/15 HPs)
             Began as a Human Hexslinger on Sept 27, 2022.
             Slain by a gnoll
             ... wielding a +0 whip
              (6 damage)
             ... on level 1 of the Dungeon.
             The game lasted 00:01:20 (378 turns).

Aibolit the Vexing (Human Hexslinger)                Turns: 378, Time: 00:01:20

Health: -4/15      AC:  3    Str: 10    XL:     1   Next: 77%
Magic:  2/2        EV: 11    Int: 13    God:
Gold:   30         SH:  0    Dex: 13    Spells: 1/2 levels left

rFire   . . .      SeeInvis .    a - +1 sling
rCold   . . .      Faith    .    (no shield)
rNeg    . . .      Spirit   .    f - +0 leather armour
rPois   .          Reflect  .    (no helmet)
rElec   .          Harm     .    (no cloak)
rCorr   .          Rampage  .    (no gloves)
Will    .....                    (no boots)
Stlth   +.........               (no amulet)
HPRegen 0.05/turn                (no ring)
MPRegen 0.08/turn                (no ring)

@: no status effects
A: no striking features
a: no special abilities


You were on level 1 of the Dungeon.
You visited 1 branch of the dungeon, and saw 1 of its levels.

You collected 30 gold pieces.

Inventory:

Hand Weapons
 a - a +1 sling (weapon)
 i - a +2 short sword of draining
Armour
 c - a +0 robe
 f - a +0 leather armour (worn)
Scrolls
 b - a scroll of poison
 d - a scroll of brand weapon {unknown}
 h - a scroll of teleportation {unknown}
Potions
 e - a potion of lignification {unknown}
 g - 2 potions of degeneration {unknown}
 j - a potion of curing {unknown}


   Skills:
 + Level 1.0 Fighting
 + Level 2.2 Ranged Weapons
 + Level 2.0 Dodging
 + Level 1.0 Spellcasting
 + Level 3.1 Hexes


You had one spell level left.
You knew the following spells:

 Your Spells              Type           Power      Damage    Failure   Level
a - Slow                  Hex            32%        N/A       11%         1

Your spell library contained the following spells:

 Spells                   Type           Power      Damage    Failure   Level
 Inner Flame              Hex/Fire       4%         N/A       52%         3
 Portal Projectile        Hex/Tloc       8%         N/A       52%         3
 Cause Fear               Hex            4%         N/A       71%         4


Dungeon Overview and Level Annotations

Branches:
Dungeon (1/15)

Altars:


Message History

The sling bullet barely misses the frilled lizard.
The frilled lizard closely misses you.
You shoot a sling bullet.
The sling bullet hits the frilled lizard.
You kill the frilled lizard!
No target in view!
g - 2 bubbling brown potions (gained 1)
There are no items here.
HP restored.
Found a sedimented amethyst potion.
j - a sedimented amethyst potion As you open the door, it creaks loudly!
There is an open door here.
There is an open door here.
There is an open door here.
Found a scroll labelled GEIT CIRRO.
A gnoll comes into view. It is wielding a +0 whip.
The gnoll shouts!
A bat comes into view.
You shoot a sling bullet.
The sling bullet hits the gnoll but does no damage.
You shoot a sling bullet.
The sling bullet closely misses the bat.
The bat hits you.
You shoot a sling bullet. The sling bullet hits the gnoll.
The gnoll is heavily wounded.
The bat barely misses you. The bat closely misses you.
The gnoll hits you with a +0 whip. The bat barely misses you.
You shoot a sling bullet. The sling bullet hits the gnoll.
The gnoll is almost dead.
The bat hits you. The gnoll barely misses you.
The gnoll hits you with a +0 whip!
Ouch! That really hurt!
* * * LOW HITPOINT WARNING * * *
The gnoll attacks as you move away! The gnoll barely misses you.
The bat misses you.
You are too injured to fight recklessly!
You are too injured to fight recklessly!
The gnoll attacks as you move away! The gnoll hits you with a +0 whip.
You die...

..# ##.########.. #.#.#
#.# #.# ##' .....# #.#
#.# #. ..... #.# ##'##
###' #... #.###...## #.#.
####... #.##.....## #.#'
.......##.#..รท....##
#...
###................####.#
......bg@....>.....'.....
#...?..###.........####..
#.##..# ##.......## #..
##. ##.....## #.# #
##...## #.# ##'## #.. #.#
### ### #.# .. ##.##


You could see a gnoll and a bat.

Vanquished Creatures
  A bat (D:1)
  A goblin (D:1)
  A hobgoblin (D:1)
  A frilled lizard (D:1)
4 creatures vanquished.

Notes
Turn   | Place    | Note
-------+----------+-------------------------------------------
     0 | D:1      | Aibolit the Human Hexslinger began the quest for the Orb.
     0 | D:1      | Reached XP level 1. HP: 15/15 MP: 2/2
   378 | D:1      | Slain by a gnoll

Illustrated notes

Levels and vault maps discovered:
D:1:      minmay_arrival_doors, layout_loops_corners,
          shapermc_ecumenical_altar_flowoftime, serial_glass, glass_columns_a,
          glass_columns_b, due_unseen_surprise

Action                   || total
-------------------------++-------
 Fire: Sling             ||    12
Dodge: Dodged            ||     7

Table legend: (Time is in decaauts)
 A = Elapsed time spent in this place.
 B = Non-inter-level travel time spent in this place.
 C = Inter-level travel time spent in this place.
 D = Time resting spent in this place.
 E = Time spent auto-exploring this place.
 F = Levels seen in this place.
 G = Mean time per level.
                   A        B        C        D        E       F      G
               +--------+--------+--------+--------+--------+-----+--------+
         Total |    382 |     58 |    324 |      0 |      0 |   1 |  382.0 |
       Dungeon |    382 |     58 |    324 |      0 |      0 |   1 |  382.0 |
               +--------+--------+--------+--------+--------+-----+--------+

Top non-repeatable levels by time:
     D:1: 382 daAuts
